 Dungeon Crawl Stone Soup version 0.25-b1-46-gb8a1ec05df (webtiles) character file.

Game seed: 11014802616170468571

235 Acheron the Sneak (level 6, -5/38 HPs)
             Began as an Octopode Wanderer on June 11, 2020.
             Slain by a gnoll
             ... wielding a +0 halberd
              (17 damage)
             ... on level 4 of the Dungeon.
             The game lasted 00:15:45 (4358 turns).

Acheron the Sneak (Octopode Wanderer)               Turns: 4358, Time: 00:15:46

Health: -5/38      AC:  1    Str: 11    XL:     6   Next: 6%
Magic:  10/10      EV: 13    Int: 13    God:
Gold:   185        SH:  0    Dex: 15    Spells: 9/10 levels left

rFire    . . .     SeeInvis .   m - +0 dagger (speed)
rCold    . . .     Gourm    .   (no shield)
rNeg     . . .     Faith    .   (helmet restricted)
rPois    .         Spirit   .   (no amulet)
rElec    .         Reflect  .   (no ring)
rCorr    .         Harm     .   (no ring)
MR       .....                  (no ring)
Stlth    ++++......             (no ring)
HPRegen  0.12/turn              (no ring)
MPRegen  0.12/turn              (no ring)
                                (no ring)
                                (no ring)

@: no status effects
A: almost no armour, stealthy swim, amphibious, 8 rings, constrict 8, camouflage
1, gelatinous body 1
a: no special abilities


You were on level 4 of the Dungeon.
You were not hungry.

You visited 1 branch of the dungeon, and saw 4 of its levels.

You collected 185 gold pieces.

Inventory:

Hand Weapons
 a - a +0 short sword
 m - a +0 dagger of speed (weapon)
Missiles
 b - 31 stones (quivered)
 t - 30 sling bullets
Jewellery
 l - an uncursed amulet of the acrobat {unknown}
 v - an uncursed ring of fire {unknown}
Wands
 c - a wand of random effects (15)
Scrolls
 d - a scroll of remove curse
 g - 3 scrolls of magic mapping
Potions
 e - a potion of experience
 j - 4 potions of curing
 o - 3 potions of heal wounds
 u - a potion of degeneration {unknown}
Comestibles
 f - 5 rations
 h - 4 chunks of flesh


   Skills:
 * Level 1.2 Fighting
 * Level 2.1 Short Blades
   Level 1.0 Staves
 + Level 1.0 Throwing
 * Level 1.9 Dodging
 * Level 5.0 Stealth
 * Level 2.9 Spellcasting
 * Level 0.9 Conjurations
   Level 2.0 Necromancy
   Level 1.0 Translocations
 * Level 2.2 Evocations


You had 9 spell levels left.
You knew the following spells:

 Your Spells              Type           Power        Failure   Level  Hunger
a - Magic Dart            Conj           #...         16%         1    #......

Your spell library contained the following spells:

 Spells                   Type           Power        Failure   Level  Hunger
 Blink                    Tloc           N/A          24%         2    ###....
 Call Imp                 Summ           #.......     34%         2    ###....
 Slow                     Hex            #.......     34%         2    ###....
 Conjure Flame            Conj/Fire      #.......     50%         3    ###....
 Mephitic Cloud           Conj/Pois/Air  #.......     52%         3    ###....


Dungeon Overview and Level Annotations

Branches:
Dungeon (4/15)
 Temple: D:4-7

Altars:
Kikubaaqudgha


Innate Abilities, Weirdness & Mutations

You cannot wear most types of armour.
You are very stealthy in the water. (Stealth+)
You are amphibious.
You can wear up to eight rings at the same time.
You can use your tentacles to constrict eight enemies at once.
Your skin changes colour to match your surroundings (Stealth+).
Your rubbery body absorbs attacks. (AC +1, EV +1)


Message History

You constrict the scorpion, but do no damage.
The gnoll closely misses you. The scorpion misses you.
The gnoll hits you from afar with a +0 halberd!
* * * LOW HITPOINT WARNING * * *
You hit the scorpion but do no damage.
You squeeze the scorpion, but do no damage.
The scorpion is severely wounded.
You constrict the scorpion. You barely miss the scorpion.
Your squeeze misses the scorpion.
The scorpion is severely wounded.
You constrict the scorpion, but do no damage.
The scorpion barely misses you. The gnoll barely misses you.
The gnoll closely misses you.
You release your grip on the scorpion.
There is a stone staircase leading up here.
The scorpion barely misses you.
The gnoll shaman calls upon its god to speed up the gnoll.
The gnoll seems to speed up.
The gnoll hits you from afar with a +0 halberd!
You die...

.g.....
....
##g########
+.........#
#g........#
#g###+#####
##g###..#
+s......#
#@......#
#.......#
#.......#
#.......#
#######+#


You could see a gnoll shaman, a scorpion and 3 gnolls.

Vanquished Creatures
  A hound (D:4)
  An orc priest (D:4)
  A bullfrog skeleton (D:4)
  A hound zombie (D:3)
  4 adders
  2 worms
  4 dart slugs
  3 leopard geckos
  An orc (D:4)
  9 bats
  5 giant cockroaches
  6 goblins
  3 hobgoblins
  9 jackals
  9 kobolds
  3 quokkas
  A ball python (D:1)
  7 frilled lizards
  11 rats
81 creatures vanquished.

Notes
Turn   | Place    | Note
-------+----------+-------------------------------------------
     0 | D:1      | Acheron the Octopode Wanderer began the quest for the Orb.
     0 | D:1      | Acheron set off with the following items: a +0 short sword,
                  | a wand of random effects (15), a +0 dagger, a ration; and
                  | the following spell memorised: Magic Dart; and the
                  | following spells available to memorise: Blink, Call Imp,
                  | Slow, Conjure Flame, Mephitic Cloud
     0 | D:1      | Reached XP level 1. HP: 11/11 MP: 3/3
   340 | D:1      | Reached skill level 3 in Stealth
   340 | D:1      | Reached XP level 2. HP: 6/17 MP: 5/5
   753 | D:1      | Reached skill level 1 in Dodging
  1055 | D:1      | Reached XP level 3. HP: 20/21 MP: 6/6
  1572 | D:2      | Reached skill level 1 in Short Blades
  1572 | D:2      | Reached XP level 4. HP: 27/27 MP: 7/7
  2242 | D:1      | Reached skill level 4 in Stealth
  2612 | D:3      | Found an ancient bone altar of Kikubaaqudgha.
  2983 | D:4      | Reached XP level 5. HP: 32/32 MP: 9/9
  3175 | D:4      | Reached skill level 1 in Fighting
  3874 | D:2      | Reached XP level 6. HP: 31/38 MP: 10/10
  4121 | D:4      | Reached skill level 5 in Stealth
  4358 | D:4      | Slain by a gnoll

Illustrated notes

Levels and vault maps discovered:
D:1:      wander_arrival_fairy_ring, layout_basic
D:2:      layout_loops_ring, first_ration, minmay_close_crescents
D:3:      layout_rooms, nicolae_overflow_crystal_walls
D:4:      layout_gridville

Skill      XL: |  1  2  3  4  5  6 |
---------------+-------------------+-----
Stealth        | 3 4 5 |  5.0
Dodging        | 1 |  1.9
Short Blades   | 1 2 |  2.1
Evocations     | 2 |  2.2
Fighting       | 1 |  1.2
Staves         | |  1.0
Throwing       | |  1.0
Spellcasting   | |  2.9
Conjurations   | |  0.9
Necromancy     | |  2.0
Translocations | |  1.0

Action                   |  1- 3 |  4- 6 || total
-------------------------+-------+-------++-------
Melee: Short sword       |    45 |       ||    45
       Constrict         |    15 |    34 ||    49
       Tentacles         |     9 |    33 ||    42
       Dagger            |     8 |   160 ||   168
  Use: Scroll            |       |    10 ||    10
 Stab: Sleeping          |     9 |    10 ||    19
  Eat: Chunk             |     2 |     9 ||    11
Armor: Skin              |     5 |    19 ||    24
Dodge: Dodged            |    28 |    87 ||   115
